BSA
SO CAL HENVY @ BAFFIN ISLAND BEAVERS
09/10/2027
 
TOP OF THE 1ST
So Cal Henvy batting - Pitching for Baffin Island Beavers : LHP Jaime Guzmán
Pitching: LHP Jaime Guzmán
Batting: RHB Greg Handrahan 0-0: Ball
1-0: Called Strike
1-1: Called Strike
1-2: Fly out, F5 (Popup, 5L)
Batting: RHB William Richardson 0-0: Ball
1-0: Foul Ball, location: 2F
1-1: Ball
2-1: Ball
3-1: Base on Balls
Batting: LHB José Antonio Santiago 0-0: Ball
1-0: Ball
2-0: 2-RUN HOME RUN (Flyball, 89XD), Distance : 477 ft
Batting: LHB César Valentín 0-0: Ball
1-0: Swinging Strike
1-1: Ball
2-1: Ball
3-1: Foul Ball, location: 2F
3-2: Fly out, F7 (Flyball, 78M)
Batting: RHB Rubén Calderón 0-0: Ball
1-0: Ball
2-0: Swinging Strike
2-1: Ground out 6-3 (Groundball, 6)
Top of the 1st over - 2 run(s), 1 hit(s), 0 error(s), 0 left on base; So Cal 2 - Baffin Island 0
BOTTOM OF THE 1ST
Baffin Island Beavers batting - Pitching for So Cal Henvy : RHP Jeffrey King
Pitching: RHP Jeffrey King
Batting: LHB Chris Bates 0-0: Fly out, F3 (Popup, 34)
Batting: LHB Keng-chi Lao 0-0: Called Strike
0-1: Ball
1-1: Ball
2-1: Ground out 4-3 (Groundball, 34)
Batting: RHB Murdoch Norton 0-0: Ground out 5-3 (Groundball, 56)
Bottom of the 1st over - 0 run(s), 0 hit(s), 0 error(s), 0 left on base; So Cal 2 - Baffin Island 0
TOP OF THE 2ND
So Cal Henvy batting - Pitching for Baffin Island Beavers : LHP Jaime Guzmán
Batting: RHB Lawrence Schroeder 0-0: SINGLE (Groundball, 4MD)
Batting: RHB Dexter Potter 0-0: Ball
1-0: SINGLE (Line Drive, 56)
Lawrence Schroeder to second
Batting: RHB Morgan Gibbon 0-0: Ball
1-0: Swinging Strike
1-1: Foul Ball, location: 2F
1-2: Grounds into double play, 6-4-3 (Groundball, 6)
Lawrence Schroeder to third
Batting: LHB Doyle Otterburn 0-0: Ball
Wild Pitch!
Lawrence Schroeder scores
1-0: Ball
2-0: Called Strike
2-1: Foul Ball, location: 2F
2-2: Fly out, F9 (Line Drive, 9LS)
Top of the 2nd over - 1 run(s), 2 hit(s), 0 error(s), 0 left on base; So Cal 3 - Baffin Island 0
BOTTOM OF THE 2ND
Baffin Island Beavers batting - Pitching for So Cal Henvy : RHP Jeffrey King
Batting: RHB Tony Morton 0-0: SINGLE (Line Drive, 34)
Batting: RHB Dave Craig 0-0: Ball
Tony Morton steals 2nd base
1-0: Ball
2-0: Fly out, F9 (Flyball, 9D)
Runner from 2nd tags up, SAFE at 3rd, no throw
Batting: LHB Norberto Muńóz 0-0: Foul Ball, location: 2F
0-1: Ball
1-1: Ball
2-1: Swinging Strike
2-2: Ground out 4-3 (Groundball, 4)
Tony Morton scores
Batting: LHB Mike MacFadden 0-0: Called Strike
0-1: Foul Ball, location: 2F
0-2: Ground out 4-3 (Groundball, 4)
Bottom of the 2nd over - 1 run(s), 1 hit(s), 0 error(s), 0 left on base; So Cal 3 - Baffin Island 1
TOP OF THE 3RD
So Cal Henvy batting - Pitching for Baffin Island Beavers : LHP Jaime Guzmán
Batting: RHB Greg Handrahan 0-0: Called Strike
0-1: Ball
1-1: Foul Ball, location: 2F
1-2: Foul Ball, location: 2F
1-2: Ground out 6-3 (Groundball, 6)
Batting: RHB William Richardson 0-0: SINGLE (Line Drive, 9S)
Batting: LHB José Antonio Santiago 0-0: Called Strike
0-1: Ball
1-1: Foul Ball, location: 2F
1-2: Ball
2-2: Ball
3-2: Ground out U3 (Groundball, 3)
William Richardson to second
Batting: LHB César Valentín 0-0: Swinging Strike
0-1: Foul Ball, location: 2F
0-2: Ball
1-2: 2-RUN HOME RUN (Flyball, 89XD), Distance : 479 ft
Batting: RHB Rubén Calderón 0-0: Ball
1-0: Called Strike
1-1: Fly out, F8 (Line Drive, 89D)
Top of the 3rd over - 2 run(s), 2 hit(s), 0 error(s), 0 left on base; So Cal 5 - Baffin Island 1
BOTTOM OF THE 3RD
Baffin Island Beavers batting - Pitching for So Cal Henvy : RHP Jeffrey King
Batting: LHB Howard Evans 0-0: Ball
1-0: Foul Ball, location: 2F
1-1: Ball
2-1: Ball
3-1: Base on Balls
Batting: RHB Raúl Soto 0-0: Foul Ball, location: 2F
0-1: Grounds into double play, 6-4-3 (Groundball, 6M)
Batting: LHB Chris Bates 0-0: Ground out 4-3 (Groundball, 4)
Bottom of the 3rd over - 0 run(s), 0 hit(s), 0 error(s), 0 left on base; So Cal 5 - Baffin Island 1
TOP OF THE 4TH
So Cal Henvy batting - Pitching for Baffin Island Beavers : LHP Jaime Guzmán
Batting: RHB Lawrence Schroeder 0-0: Called Strike
0-1: Ball
1-1: Fly out, F9 (Flyball, 9S)
Batting: RHB Dexter Potter 0-0: Ball
1-0: Foul Ball, location: 2F
1-1: Foul Ball, location: 2F
1-2: Strikes out swinging
Batting: RHB Morgan Gibbon 0-0: Fly out, F8 (Flyball, 8RM)
Top of the 4th over - 0 run(s), 0 hit(s), 0 error(s), 0 left on base; So Cal 5 - Baffin Island 1
BOTTOM OF THE 4TH
Baffin Island Beavers batting - Pitching for So Cal Henvy : RHP Jeffrey King
Batting: LHB Keng-chi Lao 0-0: Ball
1-0: Fly out, F3 (Popup, 3L)
Batting: RHB Murdoch Norton 0-0: Ball
1-0: Called Strike
1-1: Swinging Strike
1-2: Strikes out swinging
Batting: RHB Tony Morton 0-0: Ball
1-0: Ball
2-0: Called Strike
2-1: Ball
3-1: DOUBLE (Line Drive, 89D)
Batting: RHB Dave Craig 0-0: Called Strike
0-1: Ground out 6-3 (Groundball, 6)
Bottom of the 4th over - 0 run(s), 1 hit(s), 0 error(s), 1 left on base; So Cal 5 - Baffin Island 1
TOP OF THE 5TH
So Cal Henvy batting - Pitching for Baffin Island Beavers : LHP Jaime Guzmán
Pitching: RHP John Dickson
Batting: LHB Doyle Otterburn 0-0: Ball
1-0: Foul Ball, location: 2F
1-1: Ball
2-1: Ball
3-1: Called Strike
3-2: SINGLE (Groundball, 34D)
Batting: RHB Greg Handrahan 0-0: Called Strike
0-1: Called Strike
0-2: Strikes out swinging
Batting: RHB William Richardson 0-0: Ball
1-0: Ball
2-0: Called Strike
2-1: Ball
3-1: Base on Balls
Doyle Otterburn to second
Batting: LHB José Antonio Santiago 0-0: Called Strike
0-1: Ball
1-1: Ball
2-1: Swinging Strike
2-2: Ball
3-2: Foul Ball, location: 2F
3-2: SINGLE (Groundball, 4MD)
Doyle Otterburn to third
William Richardson to second
Runner from 3rd tries for Home, SAFE, throw made home
William Richardson to third
José Antonio Santiago to second
Batting: LHB César Valentín 0-0: Foul Ball, location: 2F
0-1: Ball
1-1: Swinging Strike
1-2: Foul Ball, location: 2F
1-2: Ball
2-2: Ball
3-2: Strikes out swinging
Batting: RHB Rubén Calderón 0-0: Ball
1-0: Ball
2-0: Ball
3-0: Called Strike
3-1: Foul Ball, location: 2F
3-2: Strikes out looking
Top of the 5th over - 1 run(s), 2 hit(s), 0 error(s), 2 left on base; So Cal 6 - Baffin Island 1
BOTTOM OF THE 5TH
Baffin Island Beavers batting - Pitching for So Cal Henvy : RHP Jeffrey King
Batting: LHB Norberto Muńóz 0-0: Swinging Strike
0-1: Ball
1-1: Fly out, F7 (Flyball, 7S)
Batting: LHB Mike MacFadden 0-0: Ball
1-0: Called Strike
1-1: Ball
2-1: Ball
3-1: Base on Balls
Batting: LHB Howard Evans 0-0: Ball
1-0: Ball
2-0: Called Strike
2-1: Fly out, F8 (Flyball, 8LS)
Batting: RHB Raúl Soto 0-0: Fielders Choice at 2nd, 5-4 (Groundball, 5L)
Bottom of the 5th over - 0 run(s), 0 hit(s), 0 error(s), 0 left on base; So Cal 6 - Baffin Island 1
TOP OF THE 6TH
So Cal Henvy batting - Pitching for Baffin Island Beavers : RHP John Dickson
Batting: RHB Lawrence Schroeder 0-0: Swinging Strike
0-1: Ball
1-1: Called Strike
1-2: Strikes out looking
Batting: RHB Dexter Potter 0-0: Ball
1-0: Called Strike
1-1: Foul Ball, location: 2F
1-2: Strikes out swinging
Batting: RHB Morgan Gibbon 0-0: Ball
1-0: Ball
2-0: Foul Ball, location: 2F
2-1: Foul Ball, location: 2F
2-2: Foul Ball, location: 2F
2-2: Foul Ball, location: 2F
2-2: Ball
3-2: Base on Balls
Pitching: RHP José Rivera
Batting: LHB Doyle Otterburn 0-0: Ball
1-0: Foul Ball, location: 2F
1-1: Fly out, F7 (Flyball, 7LSF)
Top of the 6th over - 0 run(s), 0 hit(s), 0 error(s), 1 left on base; So Cal 6 - Baffin Island 1
BOTTOM OF THE 6TH
Baffin Island Beavers batting - Pitching for So Cal Henvy : RHP Jeffrey King
Batting: LHB Chris Bates 0-0: Ball
1-0: Foul Ball, location: 2F
1-1: Foul Ball, location: 2F
1-2: Ball
2-2: Fly out, F7 (Flyball, 7LSF)
Batting: LHB Keng-chi Lao 0-0: Ball
1-0: Called Strike
1-1: Called Strike
1-2: Ball
2-2: Foul Ball, location: 2F
2-2: Ball
3-2: Foul Ball, location: 2F
3-2: Base on Balls
Batting: RHB Murdoch Norton 0-0: Ball
1-0: Fly out, F5 (Line Drive, 5)
Batting: RHB Tony Morton 0-0: Foul Ball, location: 2F
0-1: Ball
1-1: Ball
Keng-chi Lao steals 2nd base
2-1: Foul Ball, location: 2F
2-2: Ball
3-2: Fly out, F8 (Flyball, 8LM)
Bottom of the 6th over - 0 run(s), 0 hit(s), 0 error(s), 1 left on base; So Cal 6 - Baffin Island 1
TOP OF THE 7TH
So Cal Henvy batting - Pitching for Baffin Island Beavers : RHP José Rivera
Batting: RHB Greg Handrahan 0-0: Foul Ball, location: 2F
0-1: Ball
1-1: Foul Ball, location: 2F
1-2: Ball
2-2: Strikes out swinging
Batting: RHB William Richardson 0-0: Ball
1-0: Swinging Strike
1-1: SOLO HOME RUN (Flyball, 7LD), Distance : 366 ft
Batting: LHB José Antonio Santiago 0-0: Ball
1-0: Swinging Strike
1-1: Ball
2-1: Reached on error, E4 (Groundball, 4)
Pitching: RHP Felipe Reyes
Batting: LHB César Valentín 0-0: Called Strike
0-1: Ball
1-1: Called Strike
José Antonio Santiago steals 2nd base
1-2: Ball
2-2: Foul Ball, location: 2F
2-2: Strikes out swinging
Batting: RHB Rubén Calderón 0-0: Called Strike
0-1: Ball
1-1: Foul Ball, location: 2F
1-2: Strikes out swinging
Top of the 7th over - 1 run(s), 1 hit(s), 1 error(s), 1 left on base; So Cal 7 - Baffin Island 1
BOTTOM OF THE 7TH
Baffin Island Beavers batting - Pitching for So Cal Henvy : RHP Jeffrey King
Batting: RHB Dave Craig 0-0: Ball
1-0: Called Strike
1-1: Ball
2-1: Fly out, F6 (Popup, 6)
Batting: LHB Norberto Muńóz 0-0: Ball
1-0: Ball
2-0: Foul Ball, location: 2F
2-1: Ball
3-1: Foul Ball, location: 2F
3-2: Fly out, F7 (Flyball, 7LSF)
Batting: LHB Mike MacFadden 0-0: Called Strike
0-1: Foul Ball, location: 2F
0-2: Ball
1-2: Fly out, F6 (Popup, 56)
Bottom of the 7th over - 0 run(s), 0 hit(s), 0 error(s), 0 left on base; So Cal 7 - Baffin Island 1
TOP OF THE 8TH
So Cal Henvy batting - Pitching for Baffin Island Beavers : RHP Felipe Reyes
Batting: RHB Lawrence Schroeder 0-0: Ball
1-0: Foul Ball, location: 2F
1-1: Fly out, F8 (Flyball, 8LM)
Batting: RHB Dexter Potter 0-0: Ball
1-0: Called Strike
1-1: Ball
2-1: Foul Ball, location: 2F
2-2: Ball
3-2: Strikes out swinging
Batting: RHB Morgan Gibbon 0-0: Called Strike
0-1: Swinging Strike
0-2: Strikes out swinging
Top of the 8th over - 0 run(s), 0 hit(s), 0 error(s), 0 left on base; So Cal 7 - Baffin Island 1
BOTTOM OF THE 8TH
Baffin Island Beavers batting - Pitching for So Cal Henvy : RHP Jeffrey King
Now at 1B: Miguel González
Now at SS: Jonathan MacVey
Batting: LHB Howard Evans 0-0: Called Strike
0-1: Foul Ball, location: 2F
0-2: Strikes out swinging
Batting: RHB Raúl Soto 0-0: Ball
1-0: SOLO HOME RUN (Flyball, 7D), Distance : 438 ft
Batting: LHB Chris Bates 0-0: SINGLE (Flyball, 6MD)
Batting: LHB Keng-chi Lao 0-0: Foul Ball, location: 2F
0-1: SINGLE (Flyball, 4MD)
Chris Bates to second
Batting: RHB Murdoch Norton 0-0: Called Strike
0-1: Grounds into double play, 5-4-3 (Groundball, 56)
Bottom of the 8th over - 1 run(s), 3 hit(s), 0 error(s), 1 left on base; So Cal 7 - Baffin Island 2
TOP OF THE 9TH
So Cal Henvy batting - Pitching for Baffin Island Beavers : RHP Felipe Reyes
Pitching: RHP Nathan Walters
Batting: LHB Doyle Otterburn 0-0: Ball
1-0: Ball
2-0: Fly out, F4 (Popup, 34D)
Batting: RHB Greg Handrahan 0-0: Ball
1-0: Foul Ball, location: 2F
1-1: Ball
2-1: Ball
3-1: Foul Ball, location: 2F
3-2: Ground out 5-3 (Groundball, 5)
Batting: RHB William Richardson 0-0: Ball
1-0: SINGLE (Line Drive, 4D)
Batting: LHB José Antonio Santiago 0-0: Ball
1-0: Called Strike
1-1: Called Strike
1-2: Foul Ball, location: 2F
1-2: Foul Ball, location: 2F
1-2: Foul Ball, location: 2F
1-2: Ball
2-2: Ball
3-2: Ground out 1-3 (Groundball, 15S)
Top of the 9th over - 0 run(s), 1 hit(s), 0 error(s), 1 left on base; So Cal 7 - Baffin Island 2
BOTTOM OF THE 9TH
Baffin Island Beavers batting - Pitching for So Cal Henvy : RHP Jeffrey King
Now in CF: Bryan Foster
Batting: RHB Tony Morton 0-0: Foul Ball, location: 2F
0-1: Ball
1-1: Ball
2-1: Foul Ball, location: 2F
2-2: Ball
3-2: Base on Balls
Batting: RHB Dave Craig 0-0: Ball
1-0: Ball
2-0: Swinging Strike
2-1: Grounds into double play, 6-4-3 (Groundball, 6)
Batting: LHB Norberto Muńóz 0-0: Called Strike
0-1: Ball
1-1: Ball
2-1: DOUBLE (Line Drive, 9LS)
Batting: LHB Mike MacFadden 0-0: Ball
1-0: Ball
2-0: Called Strike
2-1: SINGLE (Groundball, 4D)
Norberto Muńóz to third
Runner from 3rd tries for Home, SAFE, no throw
Pitching: LHP Jesús González
Batting: LHB Howard Evans 0-0: Called Strike
0-1: Ball
1-1: Ball
2-1: Ball
3-1: Foul Ball, location: 2F
3-2: Foul Ball, location: 2F
3-2: Foul Ball, location: 2F
3-2: Ground out 4-3 (Groundball, 34D)
Bottom of the 9th over - 1 run(s), 2 hit(s), 0 error(s), 1 left on base; So Cal 7 - Baffin Island 3
Thursday, March 30th, 2017 - OOTP Baseball 17.12 Build 75